 Dungeon Crawl Stone Soup version 0.29.1-15-g9cfb28693d (webtiles) character file.

Game seed: 17002873326865950412

82 fleeber the Shooter (level 4, -6/35 HPs)
             Began as a Barachi Hunter on Mar 19, 2023.
             Mangled by a gnoll
             ... wielding a +0 spear
              (8 damage)
             ... on level 3 of the Dungeon.
             The game lasted 00:04:01 (2188 turns).

fleeber the Shooter (Barachi Hunter)                Turns: 2188, Time: 00:04:01

Health: -6/35      AC:  4    Str: 12    XL:     4   Next: 43%
Magic:  4/4        EV: 13    Int:  9    God:
Gold:   92         SH:  0    Dex: 18    Spells: 3/3 levels left

rFire   . . .      SeeInvis .   a - +0 shortbow (freeze)
rCold   . . .      Faith    .   (shield currently unavailable)
rNeg    . . .      Spirit   .   c - +0 leather armour
rPois   .          Reflect  .   (no helmet)
rElec   .          Harm     .   (no cloak)
rCorr   .          Rampage  .   o - +0 pair of gloves
Will    .....                   (no boots)
Stlth   ++........              (no amulet)
HPRegen 0.11/turn               (no ring)
MPRegen 0.09/turn               (no ring)

@: weak-willed, unable to hop, slow
A: amphibious, slowness 1, strong legs 1, +LOS
a: Hop


You were on level 3 of the Dungeon.
You visited 1 branch of the dungeon, and saw 3 of its levels.

You collected 92 gold pieces.

Inventory:

Hand Weapons
 a - a +0 shortbow of freezing (weapon)
Armour
 c - a +0 leather armour (worn)
 o - a +0 pair of gloves (worn)
Scrolls
 b - a scroll of immolation
 e - a scroll of summoning {unknown}
 g - 2 scrolls of magic mapping
 i - 2 scrolls of vulnerability
 j - a scroll of brand weapon
 n - a scroll of identify {unknown}
 p - a scroll of torment {unknown}
 q - a scroll of amnesia {unknown}
Potions
 d - 4 potions of curing {unknown}
 f - 2 potions of mutation {unknown}
 h - 2 potions of magic {unknown}
 k - 2 potions of resistance {unknown}
 l - 2 potions of attraction {unknown}


   Skills:
 + Level 3.3 Fighting
 * Level 5.0 Ranged Weapons
 + Level 3.1 Dodging
 - Level 0.8 Stealth


You had 3 spell levels left.
You didn't know any spells.
Your spell library contained the following spells:

 Spells                   Type           Power      Damage    Failure   Level
 Summon Ice Beast         Ice/Summ       0%         N/A       99%         4
 Summon Mana Viper        Hex/Summ       0%         N/A       100%        5
 Monstrous Menagerie      Summ           0%         N/A       100%        7


Dungeon Overview and Level Annotations

Branches:
Dungeon (3/15)

Altars:
Sif Muna


Innate Abilities, Weirdness & Mutations

You are amphibious.
You cover ground slowly.
You can hop short distances.
You have an extended range of vision and can be seen from far away.


Message History

The gnoll is severely wounded.
The gnoll barely misses you.
You shoot an arrow.
The arrow hits the gnoll but does no damage.
The gnoll is moderately wounded.
You shoot an arrow. The arrow completely misses the gnoll.
The arrow hits the gnoll.
The gnoll is lightly wounded.
The gnoll hits you with a +0 whip.
You shoot an arrow. The arrow hits the gnoll.
You kill the gnoll!
The gnoll hits you with a +0 whip. The gnoll barely misses you.
The gnoll hits you from afar with a +0 halberd!
* * * LOW HITPOINT WARNING * * *
The gnoll hits you with a +0 whip!
* * * LOW HITPOINT WARNING * * *
Your Ranged Weapons skill increases to level 5!
You are too injured to fight recklessly!
You are too injured to fight recklessly!
Hop to where?
Press: ? - help, Dir - move target Boing!
As you read the scroll labelled CEDWIF IMEIFARA, it crumbles to dust.
You feel aware of your surroundings.
It was a scroll of magic mapping.
As you read the scroll labelled SIOL UDOTOIR, it crumbles to dust.
Magic quickly surges around you.
It was a scroll of vulnerability.
As you read the scroll labelled MIRHEPT JINIZ, it crumbles to dust.
It is a scroll of brand weapon.
Your +0 shortbow is covered with a thin layer of ice!
a - a +0 shortbow of freezing (weapon)
Blink to where?
Press: ? - help, Dir - move target
As you read the scroll labelled LOANOU TIFO, it crumbles to dust.
It was a scroll of blinking.
You open the door.
Found a stone staircase leading up.
There is an open door here.
There is a stone staircase leading up here.
The gnoll hits you from afar with a +0 spear!
You die...

**,******#.#*
#..,,,,,,,,,* #*,* #.#
#.#*****,,*** .,,* #.# #.#
**,,* #*** ##'## #.#
**#,,,* # ##..)##
#.###.,,*,* ##
##.....###....,,,,,* .##
##.......##..#*,##,,*
..####.........#..#...#..*
.....'....(gg.g'@........*
..####.........##.#...#.#*
..# ##.......##*.#*,##,*
#.# ##.....## *..,,,,,*
#.# ##...## *###,**** #.#
##+## *,* #.# *,* *,* ..#
*****,***** *,* ###
*,,,,,,,,,* *,*


You could see 3 gnolls.

Vanquished Creatures
  A gnoll (D:3)
  2 adders (D:2)
  A worm (D:2)
  2 dart slugs (D:2)
  6 ball pythons
  5 endoplasms
  6 goblins
  2 hobgoblins
  5 kobolds
  A quokka (D:1)
  6 bats
  4 frilled lizards
  6 rats
47 creatures vanquished.

Notes
Turn   | Place    | Note
-------+----------+-------------------------------------------
     0 | D:1      | fleeber the Barachi Hunter began the quest for the Orb.
     0 | D:1      | Reached XP level 1. HP: 17/17 MP: 1/1
   182 | D:1      | Reached XP level 2. HP: 23/23 MP: 2/2
  1057 | D:2      | Found a shimmering blue altar of Sif Muna.
  1069 | D:2      | Reached XP level 3. HP: 28/28 MP: 3/3
  1613 | D:2      | Reached XP level 4. HP: 35/35 MP: 4/4
  2179 | D:3      | HP: 1/35 [gnoll/+0 whip (7)]
  2180 | D:3      | Reached skill level 5 in Ranged Weapons
  2188 | D:3      | Mangled by a gnoll

Illustrated notes

Levels and vault maps discovered:
D:1:      psy_arrival_fountain, layout_loops_ring,
          shapermc_ecumenical_altar_petra
D:2:      kennysheep_six_static_rooms, layout_basic, basic_altar,
          eino_tiny_chamber
D:3:      layout_loops_corners, chequers_serial_rivers_marsh,
          chequers_serial_rivers_micro_c

Skill      XL: |  1  2  3  4 |
---------------+-------------+-----
Fighting       | 3 |  3.3
Dodging        | 3 |  3.1
Ranged Weapons | 5 |  5.0
Stealth        | |  0.8

Action                   |  1- 3 |  4- 6 || total
-------------------------+-------+-------++-------
 Fire: Shortbow          |   112 |    36 ||   148
 Abil: Hop               |       |     1 ||     1
  Use: Scroll            |       |     4 ||     4
Armor: Leather armour    |    11 |     4 ||    15
Dodge: Dodged            |    34 |    11 ||    45
